[Event "December 12 Early 2023"]
[Site "https://www.chess.com"]
[Date "2023.12.12"]
[Round "3"]
[White "Szpar, Milosz"]
[Black "Tologon tegin, Semetei"]
[Result "0-1"]
[Board "34"]
[TimeControl "180+1"]
[WhiteFideId "1184989"]
[BlackFideId "13800574"]
[WhiteElo "2882"]
[BlackElo "2611"]
[WhiteTeam "POL"]
[BlackTeam "KGZ"]
[WhiteClock "0:00:05"]
[BlackClock "0:00:22"]

1. e4 e5 2. Nf3 Nc6 3. Nc3 Nf6 4. Bb5 Bc5 5. O-O O-O 6. Nxe5 Nxe5 7. d4 Bd6 8. f4 Nc6 9. e5 Be7 10. d5 Bc5+ 11. Kh1 a6 12. Be2 Nd4 13. exf6 Qxf6 14. Ne4 Qe7 15. Bd3 d6 16. c3 Nf5 17. Bd2 Ba7 18. Qf3 Bd7 19. Rae1 Qh4 20. g4 Nh6 21. g5 Ng4 22. Re2 f6 23. Be1 Qh5 24. gxf6 gxf6 25. Rg2 Kh8 26. h3 f5 27. Ng5 Rae8 28. Bd2 h6 29. Rh2 Nf6 30. Qxh5 Nxh5 31. Nf3 Ng3+ 32. Kg2 Rg8 33. Re1 Ne4+ 34. Kf1 Ng3+ 35. Kg2 Ne4+ 36. Kf1 Rg3 37. Bxe4 fxe4 38. Nd4 Bxd4 39. cxd4 Bb5+ 40. Kf2 Reg8 41. Rxe4 Rg1 42. Be1 Rf1+ 43. Ke3 Rxe1+ 44. Kf3 Rf1+ 45. Ke3 Re1+ 46. Kf3 Rxe4 47. Kxe4 Kg7 48. f5 Kf6 49. a4 Bxa4 50. Kf4 Rg5 51. Re2 Rxf5+ 52. Kg4 Rxd5 53. Kf4 Rxd4+ 54. Ke3 Rh4 0-1

[Event "December 12 Early 2023"]
[Site "https://www.chess.com"]
[Date "2023.12.12"]
[Round "3"]
[White "Cremisi, Daniel"]
[Black "Ilamparthi A R"]
[Result "1/2-1/2"]
[Board "35"]
[TimeControl "180+1"]
[WhiteFideId "2089882"]
[BlackFideId "45015775"]
[WhiteElo "2610"]
[BlackElo "2879"]
[WhiteTeam "USA"]
[BlackTeam "IND"]
[WhiteClock "0:00:09"]
[BlackClock "0:00:14"]

1. d4 Nf6 2. Nf3 g6 3. c4 Bg7 4. Nc3 O-O 5. e4 d6 6. Be2 e5 7. dxe5 dxe5 8. Qxd8 Rxd8 9. Bg5 Re8 10. Nd5 Nxd5 11. cxd5 c6 12. Bc4 cxd5 13. Bxd5 Nd7 14. O-O Nf6 15. Bxf6 Bxf6 16. Rac1 Be6 17. Bxe6 Rxe6 18. Rc7 Rb6 19. b3 Rd8 20. Rfc1 Kg7 21. g4 Rd3 22. Kg2 Rb5 23. g5 Bd8 24. Rc8 h6 25. h4 Rd6 26. Ra8 hxg5 27. hxg5 f6 28. Rcc8 Be7 29. Rc7 Kf7 30. Rh8 Ke6 31. Rh7 Bd8 32. Rcg7 Rb4 33. Rxg6 Rxe4 34. gxf6 Kf5 35. Rg5+ Ke6 36. f7 Be7 37. Rg8 Rf4 38. Re8 Rxf7 39. Ng5+ Kd7 40. Nxf7 Rg6+ 41. Kf3 Rf6+ 42. Ke4 Kxe8 43. Nxe5 Rxf2 44. Rh8+ Bf8 45. Ng6 Rf6 46. Nxf8 Rxf8 47. Rxf8+ Kxf8 48. Kd5 Ke7 49. b4 Kd7 50. a4 Kc7 51. Kc5 Kd7 52. Kd5 Kc7 53. a5 a6 54. Kc5 b6+ 55. axb6+ Kb7 56. Kc4 Kxb6 57. Kb3 a5 58. bxa5+ Kxa5 1/2-1/2

[Event "December 12 Early 2023"]
[Site "https://www.chess.com"]
[Date "2023.12.12"]
[Round "3"]
[White "Xu, Yi"]
[Black "Saravana, Krishnan P."]
[Result "1-0"]
[Board "36"]
[TimeControl "180+1"]
[WhiteFideId "8605564"]
[BlackFideId "5018382"]
[WhiteElo "2856"]
[BlackElo "2589"]
[WhiteTeam "CHN"]
[BlackTeam "IND"]
[WhiteClock "0:00:46"]
[BlackClock "0:00:14"]

1. e4 c6 2. d4 d5 3. e5 Qb6 4. Nc3 Bf5 5. g4 Bd7 6. a3 e6 7. Be3 Nh6 8. Na4 Qc7 9. Bd3 Na6 10. h3 b5 11. Nc3 f6 12. f4 Nf7 13. Nf3 Be7 14. Qe2 Qb6 15. O-O Nc7 16. Qf2 fxe5 17. fxe5 O-O 18. Ne2 b4 19. axb4 Qxb4 20. c3 Qb6 21. Nf4 Ng5 22. Nxg5 Bxg5 23. Qc2 Bxf4 24. Bxh7+ Kh8 25. Bxf4 Be8 26. Bg6 Bd7 27. Qf2 1-0

[Event "December 12 Early 2023"]
[Site "https://www.chess.com"]
[Date "2023.12.12"]
[Round "3"]
[White "Bocharov, Dmitry"]
[Black "Iskusnyh, Sergei"]
[Result "1-0"]
[Board "37"]
[TimeControl "180+1"]
[WhiteFideId "4138716"]
[BlackFideId "4120027"]
[WhiteElo "2856"]
[BlackElo "2584"]
[WhiteTeam "RUS"]
[BlackTeam "RUS"]
[WhiteClock "0:00:12"]
[BlackClock "0:00:00"]

1. c4 c5 2. g3 g6 3. Bg2 Bg7 4. Nc3 Nc6 5. Nf3 d6 6. O-O e6 7. e3 Nge7 8. d4 O-O 9. Re1 e5 10. dxc5 dxc5 11. Qb3 Na5 12. Qc2 Nxc4 13. Ne4 Na5 14. Rd1 Qc7 15. Qxc5 Qxc5 16. Nxc5 Bf5 17. Bd2 Nc4 18. Bc3 b6 19. Nd7 Bxd7 20. Rxd7 Nf5 21. Nd2 Rac8 22. Nxc4 Rxc4 23. Bd5 Rcc8 24. Rxa7 e4 25. Bxg7 Kxg7 26. Bxe4 Nd6 27. Bd3 Rfd8 28. b3 Rc3 29. Bf1 Ne4 30. Bc4 Ng5 31. h4 Nf3+ 32. Kg2 Ne5 33. Rb7 Rd2 34. Rf1 Nxc4 35. bxc4 Rxa2 36. Rxb6 Rxc4 37. Rd6 h5 38. Kf3 Rcc2 39. Rd4 Rab2 40. Rf4 Ra2 41. Rd1 Rc7 42. Rd6 Re7 43. Rfd4 Rc7 44. Rf4 Re7 45. Kg2 Rc7 46. Rd3 Re7 47. Rfd4 Rb2 48. Rd2 Rxd2 49. Rxd2 Re6 50. Kf3 Ra6 51. e4 Ra5 52. Kf4 Rb5 53. Rd7 Kf8 54. e5 Rb2 55. f3 Rb5 56. Rc7 Ra5 57. Rd7 Kg8 58. Ke4 Ra4+ 59. Rd4 Ra5 60. Kf4 Rb5 61. Re4 Ra5 62. g4 hxg4 63. Kxg4 Kg7 64. Kf4 Rb5 65. Rc4 Ra5 66. Rc7 Kf8 67. Rd7 Rb5 68. Ra7 Rc5 69. Ra4 Rb5 70. Re4 Kg7 71. Kg4 Ra5 72. Re3 Rb5 73. f4 Rb1 74. Rg3 Rc1 75. Kg5 Rc5 76. h5 f6+ 77. Kh4 fxe5 78. Rxg6+ Kf7 79. f5 Rc1 80. Re6 Rh1+ 81. Kg5 Rg1+ 82. Kh6 1-0

[Event "December 12 Early 2023"]
[Site "https://www.chess.com"]
[Date "2023.12.12"]
[Round "3"]
[White "Kozusek, Daniel"]
[Black "Bacrot, Etienne"]
[Result "0-1"]
[Board "38"]
[TimeControl "180+1"]
[WhiteFideId "349500"]
[BlackFideId "605506"]
[WhiteElo "2579"]
[BlackElo "2847"]
[WhiteTeam "WLS"]
[BlackTeam "FRA"]
[WhiteClock "0:00:04"]
[BlackClock "0:00:04"]

1. d4 d5 2. c4 dxc4 3. e4 b5 4. a4 c6 5. axb5 cxb5 6. Nc3 a6 7. Nxb5 axb5 8. Rxa8 Bb7 9. Ra1 Bxe4 10. Nf3 e6 11. Be2 Nf6 12. O-O Be7 13. Be3 O-O 14. Nd2 Bg6 15. Bf3 Nd5 16. Ne4 Nc6 17. Nc3 Ncb4 18. Nxb5 Nc2 19. Bxd5 Qxd5 20. Nc3 Qb7 21. Ra2 Bd3 22. Qf3 Qxf3 23. gxf3 Bxf1 24. Kxf1 Bf6 25. Ne2 h6 26. Ra4 Rc8 27. Kg2 Ne1+ 28. Kg3 Nd3 29. Ra2 Rb8 30. Ra4 Nxb2 31. Ra7 Rc8 32. Nc3 Nd3 33. Ra4 Ne1 34. f4 Nc2 35. Kf3 Nxd4+ 36. Ke4 Nf5 37. Ne2 c3 38. Nc1 Rd8 39. Ra2 Nxe3 40. fxe3 Rd2 41. Ra8+ Kh7 42. Rc8 Rxh2 43. Kd3 Rd2+ 44. Ke4 h5 45. Nb3 Rd1 46. Na5 h4 47. Nb7 h3 48. Nd6 Kg6 49. Nxf7 Kxf7 0-1

[Event "December 12 Early 2023"]
[Site "https://www.chess.com"]
[Date "2023.12.12"]
[Round "3"]
[White "Kunin, Vitaly"]
[Black "Vakhlamov, Igor L."]
[Result "0-1"]
[Board "39"]
[TimeControl "180+1"]
[WhiteFideId "4128737"]
[BlackFideId "24126748"]
[WhiteElo "2577"]
[BlackElo "2840"]
[WhiteTeam "GER"]
[BlackTeam "RUS"]
[WhiteClock "0:00:00"]
[BlackClock "0:00:05"]

1. d4 d5 2. c4 e6 3. Nc3 c5 4. cxd5 cxd4 5. Qa4+ Bd7 6. Qxd4 exd5 7. Nf3 Nf6 8. Bg5 Be7 9. e3 Nc6 10. Qd3 Be6 11. Be2 h6 12. Bh4 O-O 13. O-O Qb6 14. Qb5 g5 15. Bg3 Ne4 16. Nxd5 Qxb5 17. Nxe7+ Nxe7 18. Bxb5 Nf5 19. Rfd1 Rfd8 20. Be5 Rxd1+ 21. Rxd1 Bxa2 22. Rd7 Nc5 23. Rc7 b6 24. g4 Ng7 25. Bc6 Rd8 26. Rxa7 Be6 27. h3 Rc8 28. Nd4 Bc4 29. Bf3 Nd3 30. Bxg7 Kxg7 31. Nf5+ Kf6 32. Rb7 b5 33. Rb6+ Ke5 34. Nxh6 Nxb2 35. Rb7 Kf6 36. Rb6+ Kg7 37. Nf5+ Kf8 38. Rh6 Ke8 39. Nd6+ Kd7 40. Nxc8 Kxc8 41. Rb6 Kc7 42. Rc6+ Kd7 43. Rf6 Nd3 44. Bc6+ Ke7 45. Be4 Nc5 46. Rf5 Kd6 47. Bf3 b4 48. Rf6+ Be6 49. Rh6 b3 50. Bd1 b2 51. Bc2 Kc7 52. Rh8 Bd5 53. Rh7 Be4 54. Bxe4 Nxe4 55. Rxf7+ Kc6 56. Kg2 b1=Q 57. Rf5 Qc2 58. h4 Qe2 59. Re5 Qxg4+ 60. Kf1 Qd1+ 61. Kg2 Qg4+ 62. Kf1 Qf3 63. Re6+ Kd7 0-1

[Event "December 12 Early 2023"]
[Site "https://www.chess.com"]
[Date "2023.12.12"]
[Round "3"]
[White "Materia, Marco"]
[Black "Belov, Alexei"]
[Result "0-1"]
[Board "40"]
[TimeControl "180+1"]
[WhiteFideId "45150451"]
[BlackFideId "4128206"]
[WhiteElo "2839"]
[BlackElo "2574"]
[WhiteTeam "FRA"]
[BlackTeam "RUS"]
[WhiteClock "0:00:23"]
[BlackClock "0:00:39"]

1. Nf3 d5 2. e3 Nf6 3. c4 e6 4. Nc3 Be7 5. b3 O-O 6. Bb2 c5 7. cxd5 exd5 8. d4 Nc6 9. Be2 cxd4 10. Nxd4 Bc5 11. Nxc6 bxc6 12. O-O Bd6 13. Rc1 Bd7 14. Na4 Ne4 15. Bf3 Re8 16. Bxe4 Qh4 17. Bxh7+ Qxh7 18. g3 Qe4 19. Qd4 Qg6 20. Nc5 Bh3 21. Rfe1 Be5 22. Qd2 Qf6 23. f4 Bxb2 24. Rc2 Ba3 25. Qa5 Bf5 26. Rg2 Bxc5 27. Qxc5 Be4 28. Rd2 a5 29. Rc1 Re6 30. Qd4 Qe7 31. Qc5 Qxc5 32. Rxc5 a4 33. b4 a3 34. b5 cxb5 35. Rxb5 Rc6 36. Kf2 Rc2 37. Rxd5 Bxd5 38. Rxc2 Rb8 39. e4 Rb2 40. Re2 Bxa2 0-1

[Event "December 12 Early 2023"]
[Site "https://www.chess.com"]
[Date "2023.12.12"]
[Round "3"]
[White "Klymchuk, Andriy"]
[Black "Postlmayer, Jakob"]
[Result "1-0"]
[Board "41"]
[TimeControl "180+1"]
[WhiteFideId "14140063"]
[BlackFideId "1643622"]
[WhiteElo "2828"]
[BlackElo "2573"]
[WhiteTeam "UKR"]
[BlackTeam "AUT"]
[WhiteClock "0:01:32"]
[BlackClock "0:00:38"]

1. e4 c6 2. d4 d5 3. e5 Bf5 4. Nc3 e6 5. g4 Bg6 6. Nge2 f6 7. Nf4 Bf7 8. Nd3 Nd7 9. Bf4 Ne7 10. Qe2 Ng6 11. Bg3 fxe5 12. dxe5 c5 13. Nxd5 exd5 14. e6 Bxe6 15. Qxe6+ Qe7 16. Qxe7+ Bxe7 17. Bg2 Nb6 18. O-O-O O-O-O 19. Rhe1 Bd6 20. f4 c4 21. Ne5 Bxe5 22. fxe5 Rhe8 23. e6 Re7 24. g5 Nf8 25. Re5 Nxe6 26. Rde1 Rde8 27. Bh3 Kd7 28. a4 a5 29. Bf2 Nxa4 30. Rxd5+ Kc7 31. Rde5 Kd7 32. Rxa5 Rf7 33. Bg3 Nb6 34. Rb5 Kc6 35. Rbe5 Nxg5 36. Bg2+ 1-0

[Event "December 12 Early 2023"]
[Site "https://www.chess.com"]
[Date "2023.12.12"]
[Round "3"]
[White "Asish Panda"]
[Black "Miladinovic, Igor"]
[Result "0-1"]
[Board "42"]
[TimeControl "180+1"]
[WhiteFideId "45012458"]
[BlackFideId "4203380"]
[WhiteElo "2550"]
[BlackElo "2821"]
[WhiteTeam "IND"]
[BlackTeam "SRB"]
[WhiteClock "0:00:02"]
[BlackClock "0:00:34"]

1. e4 c5 2. Nf3 Nc6 3. Bb5 e6 4. O-O Nge7 5. c3 a6 6. Ba4 b5 7. Bc2 Bb7 8. d4 cxd4 9. cxd4 Rc8 10. a3 Ng6 11. Nc3 Na5 12. Re1 Be7 13. g3 O-O 14. h4 f6 15. h5 Nh8 16. Nh4 Nf7 17. Qg4 Nc4 18. e5 f5 19. Nxf5 exf5 20. Qxf5 Ng5 21. Qd3 Nf3+ 22. Kf1 g6 23. hxg6 Kg7 24. gxh7 Kh8 25. Bh6 Qb6 26. Bxf8 Rxf8 27. Qg6 Nfd2+ 28. Kg1 Qxd4 29. Re2 Nf3+ 30. Kf1 Ncd2+ 31. Kg2 Nxe5+ 32. Kh2 Nxg6 33. Bxg6 Rxf2+ 0-1

[Event "December 12 Early 2023"]
[Site "https://www.chess.com"]
[Date "2023.12.12"]
[Round "3"]
[White "Kushagra Mohan"]
[Black "Zimmermann, Ulrich"]
[Result "0-1"]
[Board "43"]
[TimeControl "180+1"]
[WhiteFideId "25033638"]
[BlackFideId "24654523"]
[WhiteElo "2815"]
[BlackElo "2537"]
[WhiteTeam "IND"]
[BlackTeam "GER"]
[WhiteClock "0:01:30"]
[BlackClock "0:01:39"]

1. e4 e6 2. d4 d5 3. Nd2 c5 4. exd5 Qxd5 5. Ngf3 cxd4 6. Bc4 Qd6 7. O-O Nf6 8. Nb3 Nc6 9. Nbxd4 Nxd4 10. Nxd4 a6 11. Re1 Bd7 12. c3 Qc7 13. Bf1 O-O-O 14. Qf3 Bd6 15. g3 Kb8 16. Bg5 h5 17. Rad1 h4 18. Bg2 hxg3 19. hxg3 e5 20. Nf5 Bc6 21. Qe2 Bxg2 22. Kxg2 Qc6+ 23. f3 Bc7 24. Rxd8+ Rxd8 25. Rd1 Rxd1 26. Qxd1 Nd5 27. Nxg7 f6 28. Bc1 Qd7 29. Nf5 Nf4+ 0-1

[Event "December 12 Early 2023"]
[Site "https://www.chess.com"]
[Date "2023.12.12"]
[Round "3"]
[White "Lysyj, Igor"]
[Black "Federzoni, Enzo"]
[Result "1-0"]
[Board "44"]
[TimeControl "180+1"]
[WhiteFideId "4150120"]
[BlackFideId "2173301"]
[WhiteElo "2800"]
[BlackElo "2428"]
[WhiteTeam "FID"]
[BlackTeam "BRA"]
[WhiteClock "0:01:47"]
[BlackClock "0:01:25"]

1. d4 d5 2. c4 e6 3. Nf3 Nf6 4. g3 Bb4+ 5. Bd2 Be7 6. Bg2 O-O 7. O-O c6 8. Qc2 Nbd7 9. Rd1 b6 10. Bc3 dxc4 11. Ne5 Bb7 12. Nxc6 Bxc6 13. Bxc6 Rc8 14. Bg2 Nd5 15. Bd2 Qc7 16. a3 b5 17. e4 N5b6 18. Ba5 Rfd8 19. Nc3 a6 20. e5 Nb8 21. d5 Bc5 22. d6 Qd7 23. Ne4 Na4 24. Bxd8 Rxd8 25. Ng5 g6 26. Ne4 Kg7 27. b3 1-0

[Event "December 12 Early 2023"]
[Site "https://www.chess.com"]
[Date "2023.12.12"]
[Round "3"]
[White "Wagh Suyog"]
[Black "Gruzman, Ilya"]
[Result "1/2-1/2"]
[Board "45"]
[TimeControl "180+1"]
[WhiteFideId "25071688"]
[BlackFideId "2812703"]
[WhiteElo "2793"]
[BlackElo "2365"]
[WhiteTeam "IND"]
[BlackTeam "ISR"]
[WhiteClock "0:00:08"]
[BlackClock "0:00:07"]

1. e4 c5 2. Nf3 e6 3. c3 d5 4. e5 Nc6 5. d4 Nge7 6. Bd3 Nf5 7. O-O Be7 8. Re1 O-O 9. g3 cxd4 10. Bxf5 exf5 11. cxd4 Be6 12. Nc3 Kh8 13. h4 Rg8 14. Bg5 h6 15. Bxe7 Qxe7 16. Kg2 Rad8 17. a3 Rge8 18. b4 a6 19. Rc1 Rc8 20. Na4 Na7 21. Nc5 Rc7 22. Qd2 Rec8 23. a4 Nc6 24. h5 a5 25. Nxe6 fxe6 26. bxa5 Nxa5 27. Rxc7 Qxc7 28. Qb4 Nc4 29. Nh4 Kg8 30. Ng6 Kf7 31. Nf4 Ra8 32. Rb1 b6 33. Ra1 Ra5 34. Qf8+ Kxf8 35. Nxe6+ Ke7 36. Nxc7 Nb2 37. Kf3 Kd7 38. Nb5 Nxa4 39. Nd6 Nc3 40. Rc1 Ra3 41. Kg2 Ne4 42. Nxe4 fxe4 43. Rb1 Kc6 44. e6 Ra6 45. f4 Kd6 46. f5 Ke7 47. Kh3 Kf6 48. Kg4 Ra4 49. Rxb6 Rxd4 50. Rb7 e3+ 51. Kf3 Kxf5 52. Rxg7 Kxe6 53. Kxe3 Re4+ 54. Kf3 Kf5 55. Rg6 Re6 56. g4+ Ke5 57. Rg8 Rf6+ 58. Ke3 d4+ 59. Kd3 Rf3+ 60. Kd2 Rg3 61. Rg6 Ke4 62. Re6+ Kd5 63. Rxh6 Rxg4 64. Rg6 Rh4 65. Rg8 Rxh5 66. Rd8+ Ke4 67. Re8+ Re5 68. Rxe5+ Kxe5 69. Kd3 Kd5 70. Kd2 d3 71. Kxd3 1/2-1/2

[Event "December 12 Early 2023"]
[Site "https://www.chess.com"]
[Date "2023.12.12"]
[Round "3"]
[White "Alexandre, Anne Shopie Elizabeth"]
[Black "Skibbe, Willi"]
[Result "1-0"]
[Board "46"]
[TimeControl "180+1"]
[WhiteFideId "11902418"]
[BlackFideId "4682190"]
[WhiteElo "2790"]
[BlackElo "2301"]
[WhiteTeam "HAI"]
[BlackTeam "GER"]
[WhiteClock "0:01:11"]
[BlackClock "0:01:21"]

1. d4 d5 2. c4 e6 3. Nc3 Nf6 4. Nf3 Be7 5. g3 O-O 6. Bg2 c6 7. O-O a5 8. b3 b6 9. Bb2 Ba6 10. Nd2 b5 11. c5 b4 12. Na4 Nbd7 13. Re1 Bb5 14. a3 Bxa4 15. bxa4 bxa3 16. Bxa3 e5 17. e3 e4 18. Rb1 Qc7 19. Qc2 Rfb8 20. Rxb8+ Rxb8 21. Rb1 Rxb1+ 22. Qxb1 Qb8 23. Qxb8+ Nxb8 24. Nb3 Bd8 25. Bb2 Na6 26. Bc3 Nb4 27. Bxb4 axb4 28. a5 Bc7 29. a6 Bb8 30. Na5 Kf8 31. Bf1 Ke8 32. Nxc6 b3 33. Nxb8 b2 34. a7 b1=Q 35. a8=Q g5 36. Nc6+ Kd7 37. Ne5+ Ke6 38. Qc6+ Kf5 39. g4+ Nxg4 40. Qd7+ Kf6 41. Nxg4+ Kg6 42. Ne5+ 1-0

[Event "December 12 Early 2023"]
[Site "https://www.chess.com"]
[Date "2023.12.12"]
[Round "3"]
[White "Fedoseev, Vladimir"]
[Black "Tanriverdi, Enes"]
[Result "1-0"]
[Board "47"]
[TimeControl "180+1"]
[WhiteFideId "24130737"]
[BlackFideId "34543279"]
[WhiteElo "3048"]
[BlackElo "2640"]
[WhiteTeam "SLO"]
[BlackTeam "TUR"]
[WhiteClock "0:00:42"]
[BlackClock "0:00:25"]

1. e4 c5 2. Nf3 d6 3. d4 cxd4 4. Nxd4 Nf6 5. f3 a6 6. c4 e6 7. Nc3 Be7 8. Be3 O-O 9. Be2 Nbd7 10. O-O Qc7 11. Rc1 b6 12. Qe1 Bb7 13. Qg3 Rac8 14. Nd5 Qd8 15. Nxe7+ Qxe7 16. Bf4 Ne5 17. Bxe5 dxe5 18. Qxe5 Nd7 19. Nf5 Qg5 20. Qg3 Qf6 21. Nd6 Rb8 22. Rc2 a5 23. Rd1 Nc5 24. e5 Qe7 25. Rd4 Rfd8 26. Rcd2 g6 27. h4 Bc6 28. h5 Rd7 29. Bd1 Rbd8 30. Bc2 Nb7 31. hxg6 fxg6 32. Bxg6 hxg6 33. Qxg6+ Kh8 34. g3 Qg7 35. Rh2+ Kg8 36. Qxe6+ Kf8 37. Rf4+ 1-0

[Event "December 12 Early 2023"]
[Site "https://www.chess.com"]
[Date "2023.12.12"]
[Round "3"]
[White "Khismatullin, Denis"]
[Black "Skliarov, Viktor"]
[Result "1/2-1/2"]
[Board "48"]
[TimeControl "180+1"]
[WhiteFideId "4142578"]
[BlackFideId "14106736"]
[WhiteElo "2982"]
[BlackElo "2633"]
[WhiteTeam "RUS"]
[BlackTeam "UKR"]
[WhiteClock "0:00:11"]
[BlackClock "0:00:05"]

1. e4 c5 2. Nf3 Nc6 3. Bb5 e6 4. O-O Nge7 5. Re1 Nd4 6. Nxd4 cxd4 7. c3 a6 8. Bf1 Nc6 9. b4 Be7 10. a4 O-O 11. Na3 dxc3 12. dxc3 d5 13. e5 f6 14. exf6 Bxf6 15. Bd2 e5 16. c4 Be6 17. b5 Nd4 18. Bc3 Bf7 19. c5 axb5 20. Bxd4 exd4 21. Nxb5 d3 22. Ra3 Qc8 23. Bxd3 Qxc5 24. Ra2 Rae8 25. Rxe8 Rxe8 26. g3 h5 27. Re2 h4 28. Rxe8+ Bxe8 29. Qg4 hxg3 30. hxg3 Kf8 31. Qf4 b6 32. Kg2 Ke7 33. Qb8 Bd7 34. Qb7 Qc6 35. Qa7 d4+ 36. f3 Qc1 37. Bf5 Qd2+ 38. Kh3 Qh6+ 39. Kg2 Qd2+ 40. Kh3 Qh6+ 41. Kg2 Qd2+ 1/2-1/2

[Event "December 12 Early 2023"]
[Site "https://www.chess.com"]
[Date "2023.12.12"]
[Round "3"]
[White "Nguyen, Ngoc Truong Son"]
[Black "Ingebretsen, Jens E"]
[Result "1-0"]
[Board "49"]
[TimeControl "180+1"]
[WhiteFideId "12401110"]
[BlackFideId "1522965"]
[WhiteElo "2951"]
[BlackElo "2615"]
[WhiteTeam "VIE"]
[BlackTeam "NOR"]
[WhiteClock "0:00:30"]
[BlackClock "0:00:20"]

1. d4 Nf6 2. c4 e6 3. Nc3 d5 4. cxd5 Nxd5 5. e4 Nxc3 6. bxc3 c5 7. Nf3 cxd4 8. cxd4 Bb4+ 9. Bd2 Bxd2+ 10. Qxd2 O-O 11. Bc4 Nd7 12. O-O b6 13. Rac1 Bb7 14. Rfe1 Rc8 15. h3 Nf6 16. Bd3 Rxc1 17. Qxc1 h6 18. Qf4 b5 19. Rc1 Qb6 20. Qe3 Rc8 21. Rxc8+ Bxc8 22. Ne5 Bb7 23. g4 a5 24. h4 Qd6 25. g5 hxg5 26. hxg5 Nd7 27. Nf3 b4 28. g6 fxg6 29. Ng5 Qe7 30. Bc4 Nf8 31. Qf4 Qf6 32. Qh4 Qxd4 33. Bxe6+ Nxe6 34. Qh7+ Kf8 35. Nxe6+ Ke7 1-0

[Event "December 12 Early 2023"]
[Site "https://www.chess.com"]
[Date "2023.12.12"]
[Round "3"]
[White "Kamsky, Gata"]
[Black "Vlassov, Nikolai"]
[Result "1/2-1/2"]
[Board "50"]
[TimeControl "180+1"]
[WhiteFideId "2000024"]
[BlackFideId "4103360"]
[WhiteElo "2918"]
[BlackElo "2600"]
[WhiteTeam "USA"]
[BlackTeam "FID"]
[WhiteClock "0:00:20"]
[BlackClock "0:00:36"]

1. e4 Nc6 2. Nf3 d5 3. exd5 Qxd5 4. Nc3 Qa5 5. h3 Nf6 6. Bc4 Ne5 7. Bb3 Nxf3+ 8. Qxf3 Qe5+ 9. Kf1 e6 10. d3 Bd6 11. Bd2 O-O 12. Re1 Qh5 13. g4 Qg6 14. g5 Nh5 15. Qe4 Rb8 16. Qxg6 hxg6 17. Ne4 Be7 18. Kg2 b6 19. f3 Bb7 20. h4 Rfd8 21. Ng3 Rd4 22. Nxh5 gxh5 23. Be3 Rd6 24. Bf4 Rd4 25. Kg3 Rc8 26. Be5 Rd7 27. Rhf1 g6 28. f4 Kh7 29. a4 Bd5 30. Bxd5 Rxd5 31. Re4 c5 32. Ra1 a6 33. Kf3 Kg8 34. Ke3 Kf8 35. b3 Ke8 36. Kf3 Rd7 37. Ke2 Rd5 38. Kf3 Rd7 39. Ke2 Rd5 40. Rd1 Rd7 41. Kf3 Ra7 42. Ra1 Rd7 1/2-1/2

[Event "December 12 Early 2023"]
[Site "https://www.chess.com"]
[Date "2023.12.12"]
[Round "3"]
[White "Spata, German"]
[Black "Gokerkan, Cem Kaan"]
[Result "1-0"]
[Board "51"]
[TimeControl "180+1"]
[WhiteFideId "113026"]
[BlackFideId "6336760"]
[WhiteElo "2597"]
[BlackElo "2864"]
[WhiteTeam "ARG"]
[BlackTeam "TUR"]
[WhiteClock "0:00:15"]
[BlackClock "0:00:05"]

1. Nf3 g6 2. d4 Bg7 3. Bf4 c5 4. c3 Qb6 5. Qb3 Qxb3 6. axb3 cxd4 7. cxd4 Nc6 8. e3 d6 9. Nc3 Nf6 10. Be2 Bf5 11. O-O O-O 12. h3 a6 13. Nd2 Rfc8 14. Nc4 Nd7 15. g4 Bc2 16. Rfc1 Nb4 17. Ra4 a5 18. Nxa5 b6 19. Rxb4 bxa5 20. Rb7 e5 21. Rxc2 exf4 22. Rxd7 Rab8 23. Bc4 fxe3 24. fxe3 Kh8 25. Rxd6 Re8 26. Re2 Re7 27. Kg2 Bf8 28. Ra6 Bh6 29. Nd5 Rd7 30. Rxa5 Rbd8 31. e4 Bg7 32. e5 Rb7 33. Kf3 Kg8 34. Ke4 Kf8 35. Rb5 Ra7 36. Rc2 Bh6 37. h4 Bg7 38. g5 h6 39. Nf6 Rc8 40. Rc5 Rd8 41. Bd5 hxg5 42. hxg5 Bxf6 43. gxf6 Ra1 44. Rc8 Ke8 45. Bxf7+ Kxf7 46. Rxd8 g5 47. Rd7+ Kg6 48. Rg7+ Kh5 49. Rh2+ Kg4 50. Rg2+ Kh3 51. R7xg5 Re1+ 52. Kd5 Kh4 53. R2g4+ Kh3 54. Rg1 Rxe5+ 55. dxe5 Kh4 56. Rg8 1-0

[Event "December 12 Early 2023"]
[Site "https://www.chess.com"]
[Date "2023.12.12"]
[Round "3"]
[White "Tasev, Dejan"]
[Black "Mikaelyan, Arman"]
[Result "0-1"]
[Board "52"]
[TimeControl "180+1"]
[WhiteFideId "936618"]
[BlackFideId "13304852"]
[WhiteElo "2594"]
[BlackElo "2860"]
[WhiteTeam "SRB"]
[BlackTeam "ARM"]
[WhiteClock "0:00:00"]
[BlackClock "0:00:07"]

1. e4 e5 2. Nf3 Nc6 3. Bb5 a6 4. Ba4 Nf6 5. O-O Be7 6. Re1 b5 7. Bb3 d6 8. c3 O-O 9. h3 Bb7 10. d4 Re8 11. Nbd2 Bf8 12. Bc2 g6 13. d5 Nb8 14. b3 Nbd7 15. c4 c6 16. Bd3 Nh5 17. Bf1 Bh6 18. a4 b4 19. Ra2 Nc5 20. Nh2 Rc8 21. Rb2 cxd5 22. cxd5 Nf6 23. Ng4 Nxg4 24. Qxg4 Bf4 25. g3 h5 26. Qf3 Bh6 27. Nc4 Bxc1 28. Rxc1 h4 29. Kh2 hxg3+ 30. fxg3 Kg7 31. Rf2 Rc7 32. Be2 Rh8 33. Rcf1 Bc8 34. h4 f5 35. exf5 Bxf5 36. Qe3 Ne4 37. Rxf5 gxf5 38. Rxf5 Nc3 39. Rg5+ Kf8 40. Bf3 Rf7 41. Bg2 Nd1 42. Qe2 Nf2 43. Nxe5 Qxg5 44. Nxf7 Ng4+ 45. Kh3 Qf5 46. Nxh8 Nf2+ 47. Kh2 Ng4+ 48. Kg1 Kg8 49. Qe8+ Kg7 50. Qe7+ Kxh8 51. Qe8+ Kg7 52. Qe7+ Kh8 53. Qe2 Ne5 54. Qxa6 Qb1+ 55. Kh2 Ng4+ 56. Kh3 Nf2+ 57. Kh2 Qxb3 58. Qc8+ Kg7 59. Qd7+ Kg8 60. Qd8+ Kg7 61. Qe7+ Kg8 62. Qe6+ Kg7 63. Qxd6 Ng4+ 64. Kh3 Nf2+ 65. Kh2 Ng4+ 66. Kg1 Qe3+ 67. Kh1 Qe1+ 0-1

[Event "December 12 Early 2023"]
[Site "https://www.chess.com"]
[Date "2023.12.12"]
[Round "3"]
[White "Guliev, Logman"]
[Black "Onyshchuk, Volodymyr"]
[Result "1-0"]
[Board "53"]
[TimeControl "180+1"]
[WhiteFideId "13400061"]
[BlackFideId "14114038"]
[WhiteElo "2581"]
[BlackElo "2849"]
[WhiteTeam "AZE"]
[BlackTeam "UKR"]
[WhiteClock "0:00:07"]
[BlackClock "0:00:00"]

1. e4 d6 2. d4 Nf6 3. Nc3 g6 4. f4 Bg7 5. Nf3 O-O 6. Bd3 Na6 7. O-O c5 8. d5 Bg4 9. Kh1 Rb8 10. Qe1 Nb4 11. a3 Nxd3 12. cxd3 b5 13. f5 Bxf3 14. Rxf3 Nd7 15. Qh4 Ne5 16. Rh3 h5 17. Bg5 Rb7 18. Rf1 Ng4 19. Nxb5 Rxb5 20. Bxe7 Qe8 21. Bxd6 Rxb2 22. Rhf3 Ne5 23. Rg3 Qd8 24. Be7 Qd7 25. f6 Re8 26. d6 Nc6 27. fxg7 Nxe7 28. dxe7 Qxe7 29. Qf4 Kxg7 30. h3 Rb7 31. Rgf3 Qe5 32. Qe3 Ree7 33. Qf2 Qd4 34. Qh4 c4 35. dxc4 Rxe4 36. Qg5 Qxc4 37. Qd8 Ree7 38. Qd6 Qe4 39. Qf6+ Kh7 40. Qc3 f5 41. Qf6 Qe5 42. Qg5 Rb6 43. Rd3 Rd6 44. Rdf3 Qf6 45. Qg3 Rde6 46. Rf4 Re3 47. Qf2 Re2 48. Qc5 1-0